 Dungeon Crawl Stone Soup version 0.28.0 (webtiles) character file.

Game seed: 14717602275289490481

75 browni3141 the Chopper (level 4, -2/61 HPs)
             Began as a Minotaur Berserker on Feb 17, 2022.
             Was a Believer of Trog.
             Slain by esper6's ghost (8 damage)
             ... on level 3 of the Dungeon.
             The game lasted 00:01:13 (2687 turns).

browni3141 the Chopper (Minotaur Berserker)         Turns: 2687, Time: 00:01:14

Health: -2/61      AC:  4    Str: 24    XL:     4   Next: 11%
Magic:  3/3        EV: 12    Int:  4    God:    Trog [**....]
Gold:   103        SH:  0    Dex:  9    Spells: 3/3 levels left

rFire   . . .      SeeInvis +   a - +0 hand axe
rCold   . . .      Faith    .   (no shield)
rNeg    . . .      Spirit   .   b - +0 animal skin
rPois   .          Reflect  .   (helmet restricted)
rElec   .          Harm     .   (no cloak)
rCorr   .          Rampage  .   g - +1 pair of gloves
Will    .....                   (no boots)
Stlth   ..........              (no amulet)
HPRegen 0.20/turn               v - ring of see invisible
MPRegen 0.08/turn               (no ring)

@: berserking (expiring), very quick
A: horns 2, retaliatory headbutt
a: Renounce Religion, Berserk, Trog's Hand


You were on level 3 of the Dungeon.
You worshipped Trog.
Trog was pleased with you.
You visited 1 branch of the dungeon, and saw 3 of its levels.

You collected 103 gold pieces.


Innate Abilities, Weirdness & Mutations

You have a pair of horns on your head.
You reflexively headbutt those who attack you in melee.


   Skills:
 + Level 4.3 Fighting
 * Level 5.0 Axes
 + Level 3.3 Armour
 - Level 2.1 Dodging


You had 3 spell levels left.
You didn't know any spells.
Your spell library was empty.

Inventory:

Hand Weapons
 a - a +0 hand axe (weapon)
Armour
 b - a +0 animal skin (worn)
 g - a +1 pair of gloves (worn)
Jewellery
 r - an amulet of magic regeneration
 v - a ring of see invisible (left hand)
Scrolls
 d - 2 scrolls of enchant armour {unknown}
 e - a scroll of teleportation {unknown}
 h - a scroll of identify {unknown}
 j - a scroll of amnesia {unknown}
 l - a scroll of magic mapping {unknown}
Potions
 c - 2 potions of invisibility {unknown}
 f - 2 potions of flight {unknown}
 i - a potion of curing {unknown}
 k - 2 potions of brilliance {unknown}
 m - a potion of might {unknown}

Dungeon Overview and Level Annotations

Branches:
Dungeon (3/15)

Altars:
Kikubaaqudgha

Shops:
D:1 [   D:2 ((:

Annotations:
D:3 AlmostDecent's ghost, amateur GnEE; Dvallin's ghost, amateur FoDe; Kazon's ghost, amateur VSFi; esper6's ghost, novice MfWn

##.#####
#¦¦¦¦¦¦¦.....# #...
#.#
¦¦[♣⌠♣.¦¦###.###.##
#.#
¦¦8.....8¦¦......###
#.#
¦$.......(¦.........
#.#
¦$........¦########.
#.# ¦8.......8¦ #. #.#
¦$.W.....?¦ #.
##.#####¦¦¦¦W''¦¦¦¦
##.
#..........@W.....#
######..
#...#####...W.....#
#......#
####...#####.###..####
#.####..
#.........#...###.#
#.# ###
#.................#
#.#####P
#.........#...###.#
####...P
####...#####.## #.#
####P≈≈≈≈≈ #...# #.#
#.# ##P..≈...PP #...#
#.# #.# #..P≈.###..


You could see AlmostDecent's ghost, Dvallin's ghost, Kazon's ghost and esper6's
ghost.


Message History

You closely miss Kazon's ghost. You hit Dvallin's ghost.
You slash Dvallin's ghost!
Dvallin's ghost is severely damaged.
You barely miss esper6's ghost.
Dvallin's ghost hits you but does no damage.
You hit esper6's ghost. Your headbutt misses esper6's ghost.
Esper6's ghost is lightly damaged.
You closely miss Dvallin's ghost. Dvallin's ghost hits you!
Esper6's ghost barely misses you.
You hit Dvallin's ghost but do no damage.
Dvallin's ghost is severely damaged.
You closely miss esper6's ghost. Dvallin's ghost hits you.
You closely miss esper6's ghost. You barely miss Dvallin's ghost.
Esper6's ghost hits you but does no damage.
Kazon's ghost says very slowly, "There's no hope."
You barely miss Dvallin's ghost.
Dvallin's ghost is severely damaged.
You hit esper6's ghost but do no damage.
You barely miss Kazon's ghost. Dvallin's ghost hits you.
* * * LOW HITPOINT WARNING * * *
Esper6's ghost hits you but does no damage.
Kazon's ghost hits you.
* * * LOW HITPOINT WARNING * * *
You closely miss esper6's ghost. You headbutt esper6's ghost!
Esper6's ghost is moderately damaged.
You barely miss Kazon's ghost. You hit Dvallin's ghost.
Dvallin's ghost hits you!
* * * LOW HITPOINT WARNING * * *
Esper6's ghost hits you!
You die...

Skill      XL: |  1  2  3  4 |
---------------+-------------+-----
Axes           | 4 5 |  5.0
Fighting       | 4 |  4.3
Armour         | 3 |  3.3
Dodging        | |  2.1

Action                   |  1- 3 |  4- 6 || total
-------------------------+-------+-------++-------
Melee: Hand axe          |    67 |    24 ||    91
       Headbutt          |    13 |     4 ||    17
Invok: Berserk           |     1 |     1 ||     2
Armor: Animal skin       |     9 |     8 ||    17
Dodge: Dodged            |    49 |     9 ||    58

Levels and vault maps discovered:
D:1:      dpeg_arrival_rooms_c, layout_basic, serial_shops, shop
D:2:      layout_basic, basic_altar, serial_shops, shop, shop,
          nicolae_shop_temple_entry_statues_fountains
D:3:      layout_loops_ring, shapermc_ecumenical_altar_hornbeckon,
          gammafunk_ghost_cemetery

Notes
Turn   | Place    | Note
-------+----------+-------------------------------------------
     0 | D:1      | browni3141 the Minotaur Berserker began the quest for the
                  | Orb.
     0 | D:1      | Reached XP level 1. HP: 19/19 MP: 0/0
   321 | D:1      | Reached skill level 4 in Axes
   321 | D:1      | Reached XP level 2. HP: 23/27 MP: 1/1
   679 | D:1      | Reached skill level 4 in Fighting
   682 | D:1      | Found Hanung's Antique Armour Boutique.
  1094 | D:2      | Reached skill level 3 in Armour
  1173 | D:2      | Found Liunt's Book Shop.
  1179 | D:2      | Reached XP level 3. HP: 24/33 MP: 2/2
  1180 | D:2      | Reached ** piety under Trog
  1698 | D:3      | Found a runed translucent gate.
  1698 | D:3      | Found a runed translucent gate.
  1699 | D:3      | Found a runed translucent gate.
  1700 | D:3      | Noticed esper6's ghost (novice MfWn)
  1700 | D:3      | Noticed Kazon's ghost (amateur VSFi)
  1700 | D:3      | Noticed Dvallin's ghost (amateur FoDe)
  1700 | D:3      | Noticed AlmostDecent's ghost (amateur GnEE)
  1806 | D:3      | Reached XP level 4. HP: 36/40 MP: 3/3
  1860 | D:3      | Found a faded altar of an unknown god.
  2114 | D:2      | Reached skill level 5 in Axes
  2134 | D:2      | Found an ancient bone altar of Kikubaaqudgha.
  2202 | D:2      | Found Novvinay's Antique Weapon Shoppe.
  2246 | D:2      | Found Vuniwuowagh's Weapon Boutique.
  2687 | D:3      | HP: 6/61 [Dvallin's ghost (16)]
  2687 | D:3      | Slain by esper6's ghost

Vanquished Creatures
  An iguana (D:2)
  An adder skeleton (D:3)
  2 worms (D:2)
  2 dart slugs (D:1)
  5 ball pythons
  2 endoplasms (D:1)
  3 giant cockroaches
  A goblin (D:2)
  3 hobgoblins
  2 quokkas (D:1)
  4 bats
  3 frilled lizards
  5 kobolds
  5 rats
39 creatures vanquished.

Vanquished Creatures (others)
  2 plants (D:3)
2 creatures vanquished.

Grand Total: 41 creatures vanquished

Table legend: (Time is in decaauts)
 A = Elapsed time spent in this place.
 B = Non-inter-level travel time spent in this place.
 C = Inter-level travel time spent in this place.
 D = Time resting spent in this place.
 E = Time spent auto-exploring this place.
 F = Levels seen in this place.
 G = Mean time per level.
                   A        B        C        D        E       F      G
               +--------+--------+--------+--------+--------+-----+--------+
         Total |   2706 |   2626 |     80 |    222 |   2065 |   3 |  902.0 |
       Dungeon |   2706 |   2626 |     80 |    222 |   2065 |   3 |  902.0 |
               +--------+--------+--------+--------+--------+-----+--------+

Top non-repeatable levels by time:
     D:1: 995 daAuts
     D:2: 960 daAuts
     D:3: 750 daAuts

Table legend:
 A = Non-vault XP
 B = Vault XP
 C = Vault XP percentage of total XP
 D = Non-vault monster count
 E = Vault monster count
 F = Vault count percentage of total count
                 A         B        C        D         E       F
            +---------+---------+-------+---------+---------+-------
      Total |     108 |       0 |   0.0 |      39 |       0 |   0.0
            +---------+---------+-------+---------+---------+-------
        D:1 |      37 |       0 |   0.0 |      20 |       0 |   0.0
        D:2 |      58 |       0 |   0.0 |      11 |       0 |   0.0
        D:3 |      13 |       0 |   0.0 |       8 |       0 |   0.0
            +---------+---------+-------+---------+---------+-------
